woodfighter, chaotic female human Barbarian .--- ...| ---.--- ..| ---.....|-. ...----......)|... -...........%.(... --..----........... --....|............ ---...u...--........ .....@............. ---.......|...--.| |..|.|.---..| - ----- --- woodfighter the Bandit Experience level: 6 Strength: 18 Dexterity: 17 Constitution: 17 Intelligence: 9 Wisdom: 8 Charisma: 7 Health: 0(66) Energy: 17(17) Def: 3 Gold: 538 Moves: 1949 Dungeon seed: a7k1fA3PPIIWjmUm Game ID: woodfighter_1445184080 Your Inventory: Coins $ - 538 gold pieces Weapons a - a +0 battle-axe (weapon in hands) b - a +0 short sword (alternate weapon; not wielded) n - a cursed -3 elven dagger u - 8 +0 daggers Armor e - a blessed +0 ring mail (being worn) q - an uncursed +0 dwarvish cloak y - an uncursed +0 dwarvish iron helm D - an uncursed +0 elven mithril-coat N - an uncursed +0 dwarvish cloak Y - a cursed -1 pair of iron shoes Scrolls d - a cursed scroll of teleportation j - 3 uncursed scrolls of scare monster k - a cursed scroll of destroy armor l - 2 uncursed scrolls of identify p - 2 uncursed scrolls of create monster t - a cursed scroll of identify Spellbooks C - an uncursed spellbook of detect treasure Potions i - an uncursed potion of water r - an uncursed potion of enlightenment s - a cursed potion of fruit juice E - an uncursed potion of extra healing Rings h - an uncursed ring of see invisible Wands f - a wand of opening (0:6) w - a wand of magic missile (0:4) Tools v - 2 uncursed tallow candles (0:200) A - a cursed magic lamp (lit) B - an uncursed lock pick Gems x - an uncursed worthless piece of orange glass z - an uncursed worthless piece of green glass G - an uncursed worthless piece of red glass Spells and supernatural/magical abilities: Name Level Category Fail Memory W - pray for help -- divine ? -- Your skills at the end: Miscellaneous Skills bare handed combat [Basic] Weapon Skills axe [Basic] short sword [Basic] Spellcasting Skills Final Attributes: You were piously aligned. You were poison resistant. You were telepathic. You are dead. Vanquished creatures: 3 small mimics 5 Uruk-hai 3 gnome lords a floating eye 3 dwarves a kobold lord 2 iguanas a wererat 3 killer bees 3 hobbits 2 geckos a hobgoblin 2 cave spiders a brown mold 12 gnomes 2 jackals 2 newts a sewer rat a grid bug 4 lichens 2 kobold zombies 55 creatures vanquished. Voluntary challenges: You did not adorn yourself with jewelry or accessories. You used a wielded weapon 71 times, starting on turn 2. You did not use containers. You did not apply a unicorn horn. You were illiterate. You never genocided any monsters. You never polymorphed an object. You never changed form. You used no wishes. You never split a pudding. You never wrote Elbereth's name. You never violated your personal moral code. Dungeon overview: The Dungeons of Doom: levels 1 to 5 Level 1 some fountains a long staircase Level 2 a scroll shop, an altar to Set, a fountain Level 3 Level 4 a fountain stairs to The Gnomish Mines Level 5 The Gnomish Mines: levels 5 to 6 Level 5 stairs to The Dungeons of Doom Level 6 <- You were here History has recorded: On T:1 you entered the Dungeons of Doom to retrieve the Amulet of Yendor! On T:175 you reached level 2 of The Dungeons of Doom. On T:419 you reached level 3 of The Dungeons of Doom. On T:692 you advanced to experience level 2. On T:709 you advanced to experience level 3. On T:734 you advanced to experience level 4. On T:908 you reached level 4 of The Dungeons of Doom. On T:1434 you reached level 5 of The Dungeons of Doom. On T:1463 you advanced to experience level 5. On T:1561 you reached level 1 of The Gnomish Mines. On T:1716 you advanced to experience level 6. On T:1872 you reached level 2 of The Gnomish Mines. Score breakdown: Gold: 538 ( 53 points) Experience: 6 levels ( 500 points) Exploration: 6 levels ( 150 points) Discoveries: 3 items ( 150 points) Variety of kills: 21 monsters ( 1050 points) Major goal: (nothing yet) ( 0 points) Survival: died (score multiplied by 3) Total score: 5709 Latest messages: The gray unicorn butts! The gray unicorn kicks! You die... Final status: Goodbye woodfighter the Barbarian, killed by a gray unicorn... You died in The Gnomish Mines on dungeon level 6 with 5709 points, and 538 pieces of gold, after 1949 moves. You were level 6 with a maximum of 66 hit points when you died.